 Dungeon Crawl Stone Soup version 0.21.1-1-g345015f (webtiles) character file.

19808 robertstho the Geomancer (level 12, -8/67 HPs)
             Began as a Gargoyle Earth Elementalist on Feb 6, 2018.
             Was a High Priest of Sif Muna.
             Mangled by a sun demon (12 damage)
             ... on level 2 of the Orcish Mines on Feb 7, 2018.
             The game lasted 00:57:17 (14376 turns).

robertstho the Geomancer (GrEE)                    Turns: 14376, Time: 00:57:17

Health: -8/67      AC: 20    Str: 16    XL:     12   Next: 72%
Magic:  0/27       EV: 11    Int: 26    God:    Sif Muna [*****.]
Gold:   767        SH:  0    Dex: 10    Spells: 10/34 levels left

rFire    . . .     SeeInvis .   B - +2 dire flail (venom)
rCold    . . .     Gourm    .   (shield currently unavailable)
rNeg     + . .     Faith    .   r - +0 ring mail
rPois    ∞         Spirit   .   H - +0 helmet of Existentialism {rCorr Int+4} (curse)
rElec    +         Reflect  .   (no cloak)
rCorr    +         Harm     .   P - +2 pair of gloves
MR       .....                  (no boots)
Stlth    +.........             (no amulet)
HPRegen  0.21/turn              o - ring of wizardry
MPRegen  0.20/turn              O - +5 ring of strength

@: divine energy
A: negative energy resistance 1, electricity resistance, unbreathing,
petrification resistance, rot immunity, AC +8
a: Stop Divine Energy, Channel Magic, Forget Spell, Renounce Religion


You were on level 2 of the Orcish Mines.
You worshipped Sif Muna.
Sif Muna was extremely pleased with you.
You were very hungry.

You visited 2 branches of the dungeon, and saw 14 of its levels.

You collected 957 gold pieces.
You spent 190 gold pieces at shops.

Inventory:

Hand Weapons
 n - a +0 hunting sling
 B - a +2 dire flail of venom (weapon)
 I - a +6 flail of crushing
 Z - a +0 short sword of flaming
Missiles
 b - 206 stones (quivered)
 A - 102 sling bullets
 M - 29 bolts
Armour
 r - a +0 ring mail (worn)
 w - a +0 robe of magic resistance
 H - the cursed +0 helmet of Existentialism (worn) {rCorr Int+4}
   (You bought it in a shop on level 2 of the Orcish Mines)

   It affects your intelligence (+4).
   It protects you from acid and corrosion.
   It has a curse placed upon it.
 P - a +2 pair of gloves (worn)
 V - a +2 troll leather armour {Snorg}
Magical Staves
 l - an uncursed staff of fire
Jewellery
 o - a ring of wizardry (left hand)
 p - an uncursed ring of flight
 O - a +5 ring of strength (right hand)
 X - an uncursed ring of protection from magic
Wands
 i - a wand of flame (41)
 s - a wand of acid (14)
 u - a wand of digging (32)
 x - a wand of clouds (7)
Scrolls
 a - 3 scrolls of enchant weapon
 j - 2 scrolls of enchant armour {unknown}
 k - a scroll of teleportation
 m - a scroll of magic mapping {unknown}
 z - 6 scrolls of remove curse
 C - a scroll of torment {unknown}
 D - 4 scrolls of blinking {unknown}
 E - a scroll of amnesia {unknown}
 L - 6 scrolls of fear {unknown}
 N - a scroll of vulnerability {unknown}
 Q - 5 scrolls of fog
Potions
 f - 2 potions of cancellation
 g - 3 potions of brilliance
 h - a potion of degeneration {unknown}
 q - 2 potions of ambrosia
 v - a potion of curing
 K - 3 potions of magic
 T - a potion of flight
 U - 2 potions of lignification
Books
 e - a book of Geomancy

   Spells                             Type                      Level
   a - Sandblast                      Earth                        1
   b - Passwall                       Transmutation/Earth          2
   c - Stone Arrow                    Conjuration/Earth            3
   d - Petrify                        Transmutation/Earth          4
   e - Lee's Rapid Deconstruction     Earth                        5
 t - a book of Minor Magic

   Spells                             Type                      Level
   a - Magic Dart                     Conjuration                  1
   b - Blink                          Translocation                2
   c - Call Imp                       Summoning                    2
   d - Slow                           Hexes                        2
   e - Conjure Flame                  Conjuration/Fire             3
   f - Mephitic Cloud                 Conjuration/Poison/Air       3
 y - Ekhaptot's Tome of Contamination and Attacks
   (Sif Muna gifted it to you on level 1 of the Orcish Mines)

   Spells                             Type                      Level
   a - Dazzling Spray                 Conjuration/Hexes            3
   b - Ignite Poison                  Fire/Transmutation/Poison    3
   c - Olgreb's Toxic Radiance        Poison                       4
   d - Alistair's Intoxication        Transmutation/Poison         5
   e - Conjure Ball Lightning         Conjuration/Air              6
   f - Bolt of Cold                   Conjuration/Ice              6
 G - a book of Flames

   Spells                             Type                      Level
   a - Flame Tongue                   Conjuration/Fire             1
   b - Throw Flame                    Conjuration/Fire             2
   c - Conjure Flame                  Conjuration/Fire             3
   d - Inner Flame                    Hexes/Fire                   3
   e - Sticky Flame                   Conjuration/Fire             4
   f - Fireball                       Conjuration/Fire             5
 J - a book of Cantrips

   Spells                             Type                      Level
   a - Confusing Touch                Hexes                        1
   b - Animate Skeleton               Necromancy                   1
   c - Summon Small Mammal            Summoning                    1
   d - Apportation                    Translocation                1
 S - a book of Air

   Spells                             Type                      Level
   a - Shock                          Conjuration/Air              1
   b - Swiftness                      Charms/Air                   2
   c - Static Discharge               Conjuration/Air              3
   d - Airstrike                      Air                          4
   e - Lightning Bolt                 Conjuration/Air              5
Miscellaneous
 Y - a lightning rod (4/4)
Comestibles
 d - 23 rations


   Skills:
 + Level 4.4 Fighting
 + Level 0.8 Short Blades
   Level 0.3(3.5) Axes
 + Level 6.4 Maces & Flails
 + Level 1.2 Slings
 * Level 7.8 Armour
 - Level 1.5 Dodging
 - Level 2.1 Stealth
 + Level 0.2 Unarmed Combat
 * Level 11.5 Spellcasting
 + Level 1.1 Conjurations
 + Level 0.7 Transmutations
 * Level 3.9 Fire Magic
 * Level 14.0 Earth Magic


You had 10 spell levels left.
You knew the following spells:

 Your Spells              Type           Power        Failure   Level  Hunger
a - Sandblast             Erth           ######       0%          1    None
b - Passwall              Tmut/Erth      ######....   1%          2    None
c - Lee's Rapid Deconstr  Erth           ######....   1%          5    ###....
d - Throw Flame           Conj/Fire      ####..       1%          2    None
e - Conjure Flame         Conj/Fire      ####....     2%          3    None
f - Sticky Flame          Conj/Fire      ####....     10%         4    None
g - Fireball              Conj/Fire      ####......   26%         5    ###....
h - Swiftness             Chrm/Air       ##......     4%          2    None


Dungeon Overview and Level Annotations

Branches:
Dungeon (12/15)            Temple (0/1) D:7            Lair (0/6) D:11
    Orc (2/2) D:9
    Elf: Orc:2

Altars:
Dithmenos
Elyvilon
Fedhas
Hepliaklqana
Makhleb
Nemelex Xobeh
Qazlal
Sif Muna
Uskayaw
Wu Jian
Zin
The Shining One

Shops:
D:4 %   Orc:2 }([

Annotations:
D:11 exclusion: oklob plant
Orc:2 1100 trident


Innate Abilities, Weirdness & Mutations

You are resistant to torment.
Your stone body is resilient. (AC +8)
You are immune to poison.
You resist negative energy. (rN+)
You are resistant to electric shocks. (rElec)
You can survive without breathing.
You are immune to petrification.
You are immune to rotting.


Message History

* * * LOW HITPOINT WARNING * * *
You feel much better. The sun demon closely misses you.
Casting: Sandblast
Confirm with . or Enter, or press ? or * to list all spells.
Aiming: Sandblast
Press: ? - help, Shift-Dir - straight line, f/p - sun demon
Aim: a sun demon (severely wounded)
The blast of sand hits the sun demon.
The sun demon is almost dead.
b - 206 stones The sun demon hits you!
* * * LOW HITPOINT WARNING * * *
You are engulfed in flames!!
* * * LOW HITPOINT WARNING * * *
Okay, then.
Okay, then.
You feel better. The sun demon hits you.
* * * LOW HITPOINT WARNING * * *
You are engulfed in flames!
You die...

##..#..#...∩...........)..
##...#..)..................
#.......#.)....#......).∩##
##.....###.............).#
##...###..........#....##
##..##..).......#.....#
####........#........#
#...................
##...@...........#.#
##..3#....#########
##....).#.## ##........##
##........# ##.......##
##.......# ##.........
##3.........


You could see a sun demon.

Vanquished Creatures
  Snorg (D:10)
  2 two-headed ogres
  Pikel (D:5)
  An orc knight (Orc:2)
  2 ugly things
  An orc sorcerer (Orc:2)
  A deep elf mage (D:12)
  The ghost of FangTR18 the Destroyer, a novice DECj of Vehumet (D:6)
  3 trolls
  Prince Ribbit (D:8)
  2 hippogriffs
  Sigmund (D:4)
  A spriggan (D:12)
  A wraith (D:12)
  32 yaks
  A wyvern (D:12)
  A hungry ghost (D:11)
  2 vampire mosquitoes (D:12)
  Menkaure (D:7)
  A steam dragon (D:9)
  Edmund (D:6)
  Duvessa (D:8)
  12 orc warriors
  An ice beast (D:5)
  4 black bears
  A phantom (D:9)
  2 sky beasts
  2 necrophages
  An eye of draining (D:9)
  5 ogres
  10 centaurs
  2 crocodiles
  4 big kobolds
  8 bullfrogs
  A gnoll sergeant (D:9)
  A scorpion (D:9)
  Dowan (D:7)
  10 killer bees
  13 wights
  4 howler monkeys
  6 crimson imps
  3 bullfrog zombies
  A quasit (D:11)
  2 centaur zombies
  8 orc priests
  10 hounds
  6 jellies
  Ijyb (D:4)
  5 iguanas
  9 orc wizards
  10 worker ants
  A killer bee zombie (D:6)
  2 hound skeletons
  2 howler monkey zombies
  3 gnolls (D:9)
  10 adders
  2 shadow imps
  6 oozes
  An adder skeleton (D:6)
  3 worms
  A dart slug (D:1)
  5 leopard geckos
  70 orcs
  8 bats
  2 giant cockroaches
  7 hobgoblins
  11 jackals
  4 quokkas
  A ball python (D:5)
  2 frilled lizards (D:3)
  8 goblins
  A jackal skeleton (D:7)
  30 kobolds
  A leopard gecko skeleton (D:4)
  A quokka skeleton (D:4)
  9 rats
393 creatures vanquished.

Vanquished Creatures (others)
  An iguana (D:5)
  An adder skeleton (D:5)
2 creatures vanquished.

Grand Total: 395 creatures vanquished

Notes
Turn   | Place    | Note
-------+----------+-------------------------------------------
     0 | D:1      | robertstho the Gargoyle Earth Elementalist began the quest for the Orb.
     0 | D:1      | Reached XP level 1. HP: 10/10 MP: 3/3
     8 | D:1      | Reached skill level 4 in Earth Magic
    31 | D:1      | Reached XP level 2. HP: 15/15 MP: 0/5
   298 | D:1      | Reached XP level 3. HP: 19/19 MP: 6/6
   856 | D:2      | Reached XP level 4. HP: 21/24 MP: 2/8
   948 | D:2      | Reached skill level 1 in Armour
  1347 | D:3      | Reached skill level 1 in Maces & Flails
  1365 | D:3      | Found a white marble altar of Elyvilon.
  1668 | D:3      | Reached XP level 5. HP: 13/28 MP: 10/10
  1678 | D:3      | Learned a level 2 spell: Passwall
  1684 | D:3      | Learned a level 5 spell: Lee's Rapid Deconstruction
  1693 | D:3      | Found a blossoming altar of Fedhas.
  1715 | D:3      | Reached skill level 5 in Earth Magic
  2138 | D:3      | Found a sparkling altar of Nemelex Xobeh.
  2255 | D:4      | Noticed Edmund
  2273 | D:5      | Entered Level 5 of the Dungeon
  2420 | D:4      | Reached XP level 6. HP: 24/33 MP: 6/11
  2576 | D:4      | Noticed Sigmund
  2595 | D:4      | Killed Sigmund
  2727 | D:4      | Found a glowing golden altar of the Shining One.
  2738 | D:4      | Found an ornate altar of the Wu Jian Council.
  2822 | D:4      | Noticed Ijyb
  2827 | D:4      | Killed Ijyb
  3045 | D:4      | Reached skill level 6 in Earth Magic
  3045 | D:4      | Reached XP level 7. HP: 11/37 MP: 11/14
  3270 | D:4      | Found Ujiqifid's Food Shoppe.
  3653 | D:5      | Found a hazy altar of Hepliaklqana.
  3658 | D:5      | Noticed Pikel
  3699 | D:5      | Killed Pikel
  3699 | D:5      | Reached skill level 1 in Fighting
  3699 | D:5      | Reached skill level 5 in Spellcasting
  3699 | D:5      | Reached skill level 7 in Earth Magic
  3699 | D:5      | Reached XP level 8. HP: 29/43 MP: 4/16
  4446 | D:5      | Reached skill level 8 in Earth Magic
  4928 | D:6      | Noticed FangTR18's ghost (novice DECj)
  4931 | D:6      | Killed FangTR18's ghost
  4931 | D:6      | Reached skill level 1 in Slings
  4931 | D:6      | Reached XP level 9. HP: 42/47 MP: 2/19
  5059 | D:6      | Killed Edmund
  5201 | D:6      | Reached skill level 9 in Earth Magic
  5242 | D:6      | Learned a level 2 spell: Throw Flame
  5246 | D:6      | Learned a level 3 spell: Conjure Flame
  5251 | D:6      | Learned a level 4 spell: Sticky Flame
  5257 | D:6      | Learned a level 5 spell: Fireball
  5476 | D:6      | Found a shadowy altar of Dithmenos.
  6102 | D:7      | Found a burning altar of Makhleb.
  6160 | D:7      | Reached skill level 5 in Armour
  6232 | D:7      | Noticed Menkaure
  6233 | D:7      | Found a deep blue altar of Sif Muna.
  6236 | D:7      | Killed Menkaure
  6247 | D:7      | Became a worshipper of Sif Muna the Loreminder
  6381 | D:7      | Found a glowing silver altar of Zin.
  6431 | D:7      | Noticed Dowan
  6435 | D:7      | Noticed Duvessa
  6436 | D:7      | Killed Dowan
  6449 | D:8      | Noticed a purple ugly thing
  6452 | D:8      | Noticed Prince Ribbit
  6463 | D:8      | Reached skill level 10 in Earth Magic
  6595 | D:8      | Reached XP level 10. HP: 48/54 MP: 16/21
  6613 | D:8      | Noticed a two-headed ogre
  6806 | D:7      | Found a staircase to the Ecumenical Temple.
  6970 | D:7      | Found a stormy altar of Qazlal.
  6974 | D:7      | Found a hide-covered altar of Uskayaw.
  7059 | D:8      | Killed Duvessa
  7089 | D:8      | Killed a two-headed ogre
  7116 | D:9      | You fall through a shaft for 3 floors!
  7117 | D:12     | Reached * piety under Sif Muna
  7363 | D:12     | Noticed a deep elf mage
  7368 | D:12     | Killed a deep elf mage
  7368 | D:12     | Reached skill level 11 in Earth Magic
  7940 | D:12     | Reached ** piety under Sif Muna
  7942 | D:12     | Reached XP level 11. HP: 60/60 MP: 18/24
  7987 | D:12     | Reached skill level 12 in Earth Magic
  8313 | D:12     | Learned a level 2 spell: Swiftness
  8623 | D:11     | Reached skill level 1 in Fire Magic
  8636 | D:11     | Reached skill level 5 in Maces & Flails
  8818 | D:11     | Reached skill level 10 in Spellcasting
  9139 | D:11     | Reached *** piety under Sif Muna
  9323 | D:11     | Noticed an oklob plant
  9446 | D:11     | Found a staircase to the Lair.
  9678 | D:11     | Noticed a white ugly thing
  9690 | D:11     | Killed a white ugly thing
  9910 | D:11     | Reached skill level 13 in Earth Magic
 10259 | D:10     | Entered Level 10 of the Dungeon
 10320 | D:10     | Noticed Snorg
 10628 | D:10     | Reached **** piety under Sif Muna
 10876 | D:10     | Killed Snorg
 10876 | D:10     | Reached XP level 12. HP: 66/66 MP: 6/26
 11972 | D:9      | Found a staircase to the Orcish Mines.
 12436 | D:9      | Reached ***** piety under Sif Muna
 12774 | D:8      | Killed Prince Ribbit
 12847 | D:8      | Reached skill level 1 in Conjurations
 13493 | Orc:1    | Entered Level 1 of the Orcish Mines
 13512 | Orc:1    | Identified Ekhaptot's Tome of Contamination and Attacks (Sif Muna gifted it to you on level 1 of the Orcish Mines)
 13512 | Orc:1    | Received a gift from Sif Muna
 13638 | Orc:2    | Entered Level 2 of the Orcish Mines
 13638 | Orc:2    | Noticed a two-headed ogre
 13647 | Orc:2    | Killed a two-headed ogre
 13815 | Orc:2    | Found Efoubb's Weapon Emporium.
 13819 | Orc:2    | Found Xazoedil's Antique Armour Shoppe.
 13844 | Orc:2    | Noticed a soul eater
 13846 | Orc:2    | Reached skill level 14 in Earth Magic
 13853 | Orc:2    | Bought an encrusted helmet for 190 gold pieces
 13858 | Orc:2    | Identified the cursed +0 helmet of Existentialism {rCorr Int+4} (You bought it in a shop on level 2 of the Orcish Mines)
 13985 | Orc:2    | Found Juojoc's Gadget Shoppe.
 14359 | Orc:2    | Noticed a sun demon
 14375 | Orc:2    | HP: 1/67 [sun demon (19)]
 14376 | Orc:2    | Mangled by a sun demon

Skill      XL: |  1  2  3  4  5  6  7  8  9 10 11 12 |
---------------+-------------------------------------+-----
Earth Magic    | 4 5 6 7 8 10 11 13 14 | 14.0
Armour         | 1 2 3 4 5 6 7 |  7.8
Spellcasting   | 3 4 5 7 9 10 11 | 11.5
Maces & Flails | 1 4 5 6 |  6.4
Fighting       | 1 2 3 4 |  4.4
Slings         | 1 |  1.2
Fire Magic     | 2 3 |  3.9
Conjurations   | 1 |  1.1
Short Blades   | |  0.8
Axes           | |  0.3
Dodging        | |  1.5
Stealth        | |  2.1
Unarmed Combat | |  0.2
Transmutations | |  0.7

Action                   |  1- 3 |  4- 6 |  7- 9 | 10-12 || total
-------------------------+-------+-------+-------+-------++-------
Melee: Mace              |   107 |    53 |       |       ||   160
       Unarmed           |     5 |       |       |       ||     5
       Dagger            |       |    19 |    23 |       ||    42
       Flail             |       |       |    98 |   396 ||   494
       War axe           |       |       |    22 |       ||    22
       Short sword       |       |       |       |    10 ||    10
       Dire flail        |       |       |       |     3 ||     3
 Fire: Hunting sling     |       |       |    29 |       ||    29
 Cast: Sandblast         |    23 |    59 |    42 |    78 ||   202
       Lee's Rapid Decon |       |     1 |    20 |   108 ||   129
       Throw Flame       |       |       |     1 |    44 ||    45
       Sticky Flame      |       |       |     1 |     9 ||    10
       Fireball          |       |       |       |     3 ||     3
       Conjure Flame     |       |       |       |     1 ||     1
Invok: Divine Energy     |       |       |       |     1 ||     1
  Use: Scroll            |       |     5 |     4 |     8 ||    17
       Potion            |       |       |       |     6 ||     6
 Stab: Sleeping          |       |     1 |       |     1 ||     2
  Eat: Chunk             |       |     7 |    11 |    37 ||    55
       Ration            |       |       |     2 |     2 ||     4
Armor: Ring mail         |    86 |    46 |   127 |   397 ||   656
       Robe              |     2 |     1 |       |       ||     3
Dodge: Dodged            |    99 |    67 |   123 |   387 ||   676
